 Dungeon Crawl Stone Soup version 0.29.1-13-g9f3cf754e1 (webtiles) character file.

Game seed: 15383738419456026426

6 zlionsfan the Trooper (level 1, -1/12 HPs)
             Began as a Vine Stalker Abyssal Knight on Jan 21, 2023.
             Was a Follower of Lugonu.
             Slain by a gnoll
             ... wielding a +0 club
              (6 damage)
             ... on level 1 of the Dungeon.
             The game lasted 00:01:15 (374 turns).

zlionsfan the Trooper (Vine Stalker Abyssal Knight)  Turns: 374, Time: 00:01:15

Health: -1/12      AC:  3    Str: 15    XL:     1   Next: 90%
Magic:  0/3        EV: 11    Int: 10    God:    Lugonu [*.....]
Gold:   0          SH:  0    Dex: 14    Spells: 0/0 levels left

rFire   . . .      SeeInvis .   a - +1 hand axe
rCold   . . .      Faith    .   (no shield)
rNeg    . . .      Spirit   +   b - +0 leather armour
rPois   .          Reflect  .   (no helmet)
rElec   .          Harm     .   (no cloak)
rCorr   .          Rampage  .   (no gloves)
Will    .....                   (no boots)
Stlth   +.........              (no amulet)
HPRegen 0.04/turn               (no ring)
MPRegen 0.08/turn               (no ring)

@: no status effects
A: fangs 2, magic shield, antimagic bite, no potion heal 2
a: Renounce Religion, Depart the Abyss


You were on level 1 of the Dungeon.
You worshipped Lugonu.
Lugonu was aware of your devotion.
You visited 1 branch of the dungeon, and saw 1 of its levels.
You visited the Abyss 1 time.

Inventory:

Hand Weapons
 a - a +1 hand axe (weapon)
Armour
 b - a +0 leather armour (worn)
Scrolls
 e - a scroll of amnesia {unknown}
 f - a scroll of teleportation {unknown}
Potions
 c - a potion of attraction {unknown}
 d - a potion of resistance {unknown}


   Skills:
 * Level 3.0 Fighting
 * Level 1.8 Axes
 + Level 1.6 Armour
 + Level 0.7 Dodging
 + Level 1.8 Invocations


You couldn't memorise any spells.
You didn't know any spells.
Your spell library was empty.

Dungeon Overview and Level Annotations

Branches:
Dungeon (1/15)

Altars:


Innate Abilities, Weirdness & Mutations

You have extremely sharp teeth.
When hurt, damage is shared between your health and your magic reserves.
Your bite disrupts and absorbs the magic of your enemies.
Potions cannot restore your health.


Message History

The dart slug bites you.
You slash the dart slug!
You kill the dart slug!
Lugonu accepts your kill.
You start resting.
Magic restored.
You start resting.
HP restored.
You see here a dart slug corpse.
d - a dark potion
e - a scroll labelled KEMNIS OVVOTH A hobgoblin comes into view.
The helpless hobgoblin fails to defend itself.
You hit the hobgoblin. Your bite misses the hobgoblin.
The hobgoblin is heavily wounded.
The hobgoblin misses you. The hobgoblin barely misses you.
You hit the hobgoblin. You bite the hobgoblin.
You kill the hobgoblin!
Lugonu accepts your kill.
Your Fighting skill increases to level 3!
You see here a hobgoblin corpse.
You open the door.
There is an open door here.
f - a scroll labelled NOOKOO QAXONA
There is an open door here.
A gnoll comes into view. It is wielding a +0 club.
The gnoll shouts!
You hit the gnoll but do no damage. You bite the gnoll, but do no damage.
The gnoll barely misses you.
You closely miss the gnoll. You bite the gnoll, but do no damage.
The gnoll hits you with a +0 club.
You hit the gnoll. You bite the gnoll. You drain its power.
You feel invigorated.
The gnoll is severely wounded.
The gnoll hits you with a +0 club.
You hit the gnoll. Your bite misses the gnoll.
The gnoll is severely wounded.
The gnoll barely misses you. The gnoll hits you with a +0 club!
Ouch! That really hurt!
You die...

##########
.###########.........
..............######
.......#.###..########
..............@g......
#######.####..########..#
##.# #..# #.. ....
#######..####..###.# #..#
...........##...##.# #..#
#######.##.#...#.#.# #..#
#.##..#..##..####..#
#.##..#............#
#.##..#............#


You could see a gnoll.

Vanquished Creatures
  A dart slug (D:1)
  An endoplasm (D:1)
  A hobgoblin (D:1)
  A rat (D:1)
4 creatures vanquished.

Notes
Turn   | Place    | Note
-------+----------+-------------------------------------------
     0 | Abyss:1  | zlionsfan the Vine Stalker Abyssal Knight began the quest
                  | for the Orb.
     0 | Abyss:1  | Reached XP level 1. HP: 11/11 MP: 3/3
    36 | Abyss:1  | Found a corrupted altar of Lugonu.
    41 | Abyss:1  | Noticed a small abomination
    45 | D:1      | Escaped the Abyss
   295 | D:1      | Reached skill level 3 in Fighting
   374 | D:1      | Slain by a gnoll

Illustrated notes

Levels and vault maps discovered:
D:1:      dpeg_arrival_simpleton_b, layout_loops_ring,
          hellmonk_ecumenical_altar_inner_sanctum

Skill      XL: |  1 |
---------------+----+-----
Fighting       | 3 |  3.0
Axes           | |  1.8
Armour         | |  1.6
Dodging        | |  0.7
Invocations    | |  1.8

Action                   || total
-------------------------++-------
Melee: Hand axe          ||    10
       Bite              ||     4
Invok: Depart the Abyss  ||     1
 Stab: Sleeping          ||     1
Armor: Leather armour    ||     1
Dodge: Dodged            ||     7
